 Dungeon Crawl Stone Soup version 0.28-a0-1143-gcf6077d4cc (webtiles) character file.

Game seed: 3818801957349615599

188 spaghetti the Covered (level 5, -9/43 HPs)
             Began as a Gnoll Wanderer on Dec 14, 2021.
             Was a Believer of Sif Muna.
             Mangled by a large abomination (13 damage)
             ... on level 1 of the Abyss.
             The game lasted 00:04:33 (2110 turns).

spaghetti the Covered (Gnoll Wanderer)              Turns: 2110, Time: 00:04:33

Health: -9/43      AC:  8    Str: 13    XL:     5   Next: 67%
Magic:  0/7        EV:  9    Int: 27    God:    Sif Muna [**....]
Gold:   85         SH:  0    Dex:  8    Spells: 7/7 levels left

rFire   . . .      SeeInvis .   e - +1 longbow "Upanoev" {vorpal, Int+3 Dex-2, bow}
rCold   . . .      Faith    .   (shield currently unavailable)
rNeg    . . .      Spirit   +   b - +2 scale mail
rPois   .          Reflect  .   o - +0 helmet
rElec   +          Harm     .   (no cloak)
rCorr   .          Rampage  .   (no gloves)
Will    .....      Rnd*Tele +   (no boots)
Stlth   +.........              l - amulet of guardian spirit
HPRegen 0.14/turn               d - +6 ring of intelligence
MPRegen 0.10/turn               r - ring "Janieff" {*Slow rElec Int+5 Slay+4}

@: mighty, attractive, flying, invisible
A: fangs 1, strong nose, distributed training, deformed body, screaming 2,
teleportitis 1
a: Renounce Religion, Channel Magic


You were on level 1 of the Abyss.
You worshipped Sif Muna.
Sif Muna was pleased with you.
You visited 1 branch of the dungeon, and saw 2 of its levels.
You visited the Abyss 1 time.

You collected 85 gold pieces.


Innate Abilities, Weirdness & Mutations

You have very sharp teeth.
Your uncanny sense of smell can sniff out nearby items.
Your experience applies equally to all skills.
Armour fits poorly on your strangely shaped body.
You frequently scream uncontrollably at your foes.
You are occasionally teleported next to monsters.


   Skills:
 + Level 4.8 Fighting
 + Level 1.6 Short Blades
 + Level 1.6 Long Blades
 + Level 1.6 Axes
 + Level 1.6 Maces & Flails
 + Level 1.6 Polearms
 + Level 1.6 Staves
 + Level 1.6 Slings
 + Level 4.8 Bows
 + Level 3.0 Crossbows
 + Level 3.0 Throwing
 + Level 6.7 Armour
 + Level 1.6 Dodging
 + Level 2.8 Stealth
 + Level 1.6 Shields
 + Level 1.6 Unarmed Combat
 + Level 1.6 Spellcasting
 + Level 1.2 Conjurations
 + Level 1.2 Hexes
 + Level 1.2 Summonings
 + Level 1.2 Necromancy
 + Level 1.2 Translocations
 + Level 1.2 Transmutations
 + Level 1.2 Fire Magic
 + Level 1.2 Ice Magic
 + Level 1.2 Air Magic
 + Level 1.2 Earth Magic
 + Level 1.2 Poison Magic
 + Level 1.8 Invocations
 + Level 1.6 Evocations


You had 7 spell levels left.
You didn't know any spells.
Your spell library contained the following spells:

 Spells                   Type           Power      Damage    Failure   Level
 Magic Dart               Conj           36%        1d4       24%         1
 Call Imp                 Summ           9%         N/A       34%         2
 Mephitic Cloud           Conj/Pois/Air  9%         N/A       56%         3

Inventory:

Hand Weapons
 a - a +0 shortbow {bow}
 e - the +1 longbow "Upanoev" (weapon) {vorpal, Int+3 Dex-2, bow}
   (You acquired it on level 2 of the Dungeon)

   Any ammunition fired from it inflicts extra damage upon your enemies.
   Int:       It affects your intelligence (+3).
   Dex:       It affects your dexterity (-2).
 f - a +0 club {mace}
   (You took it off a goblin on level 1 of the Dungeon)
Missiles
 c - 50 arrows (quivered ammo)
 h - 66 stones {throwing}
 k - 17 sling bullets
 m - 18 poisoned darts {throwing}
Armour
 b - a +2 scale mail (worn)
 o - a +0 helmet (worn)
   (You found it on level 2 of the Dungeon)
Jewellery
 d - a +6 ring of intelligence (left hand)
   (You found it on level 1 of the Dungeon)
 l - an amulet of guardian spirit (around neck)
   (You found it on level 2 of the Dungeon)
 r - the ring "Janieff" (right hand) {*Slow rElec Int+5 Slay+4}
   (You acquired it on level 2 of the Dungeon)

   [ring of slaying]

   Int:       It affects your intelligence (+5).
   Slay:      It affects your accuracy & damage with ranged weapons and melee
   (+4).
   rElec:     It insulates you from electricity.
   *Slow:     It may slow you when you take damage.

Dungeon Overview and Level Annotations

Branches:
Dungeon (2/15)

Altars:
Sif Muna

Annotations:
D:2 Crazy Yiuf

#####
###(..## #
#.(hX#.###
## . .
#@xh#
.#...#
#####h##..#
(∩h# #
##.###.##
## .# #


You could see a large abomination, 3 raiju and a small abomination.


Message History

You take 2 damage, and now have 27/43 hp.
You lost 1 mp, and now have 6/7 mp.
Fire: 53 arrows
Press: ? - help, Q - select action, (/) - cycle Shift-Dir - straight line, f/p - raiju
Aim: a raiju (50% to hit)
You shoot an arrow. The arrow hits the raiju!
The small abomination hits you but does no damage.
The raiju barely misses you.
A large abomination comes into view.
The raiju bites you but does no damage.
The small abomination hits you. 😮 HP[-2]
You take 2 damage, and now have 25/43 hp.
You see here an arrow.
The raiju bursts into living lightning!
The living lightning hits you. You resist.
* * * LOW HITPOINT WARNING * * *
The raiju blinks! 😨 HP[-4] MP[-1]
You take 4 damage, and now have 21/43 hp.
You lost 1 mp, and now have 5/7 mp.
The raiju bites you.
* * * LOW HITPOINT WARNING * * *
The raiju shocks you. You resist.
* * * LOW HITPOINT WARNING * * *
😨 HP[-4]
You take 4 damage, and now have 17/43 hp.
It was a potion of might.
You feel very mighty all of a sudden. The raiju bites you but does no damage.
A raiju comes into view.
The small abomination barely misses you. 😨 HP[+1] Unknown command.
It was a potion of heal wounds.
You feel much better.
The raiju barks!
You hear a bark!
The raiju bursts into living lightning!
The living lightning hits you. You resist.
The raiju blinks!
The small abomination hits you! 😮 HP[+11] MP[-1]
You regained 11 hp, and now have 29/43 hp.
You lost 1 mp, and now have 4/7 mp.
Unknown command.
You aren't carrying any scrolls.
Okay, then.
It was a potion of attraction.
You feel attractive to monsters. The raiju closely misses you.
The small abomination misses you.
A raiju comes into view.
The raiju is attracted toward you.
It was a potion of flight.
You feel very buoyant.
You fly up into the air.
The small abomination hits you. The raiju bites you!
* * * LOW HITPOINT WARNING * * *
The raiju shocks you. You resist.
* * * LOW HITPOINT WARNING * * *
The large abomination hits you.
* * * LOW HITPOINT WARNING * * *
The small abomination closely misses you.
The raiju bites you but does no damage. 😨 HP[-17] MP[-1]
You take 17 damage, and now have 12/43 hp.
MASSIVE DAMAGE!! (PAUSE)
You lost 1 mp, and now have 3/7 mp.
Unknown command.
Really attack while wielding the +1 longbow "Upanoev" {vorpal, Int+3 Dex-2, bow}? [Y]es or [N]o only, please.
Really attack while wielding the +1 longbow "Upanoev" {vorpal, Int+3 Dex-2, bow}?
Okay, then.
Unknown command.
Fire: 52 arrows
Press: ? - help, Q - select action, (/) - cycle Shift-Dir - straight line, f/p - raiju
Aim: a raiju (heavily wounded, 50% to hit)
You shoot an arrow. The arrow closely misses the raiju.
The small abomination closely misses you.
The raiju bursts into living lightning!
The living lightning hits you. You resist.
* * * LOW HITPOINT WARNING * * *
The raiju blinks!
The large abomination misses you.
The raiju bursts into living lightning!
The living lightning hits you. You resist.
* * * LOW HITPOINT WARNING * * *
The raiju blinks!
The raiju misses you.
The small abomination closely misses you.
The large abomination closely misses you. 😱 HP[-8] MP[-2]
You take 8 damage, and now have 4/43 hp.
You lost 2 mp, and now have 1/7 mp.
Unknown command.
Unknown command.
Unknown command.
Unknown command.
Fire: 51 arrows
Press: ? - help, Q - select action, (/) - cycle Shift-Dir - straight line, f/p - raiju
Aim: a raiju (heavily wounded, 50% to hit)
You shoot an arrow. The arrow hits the raiju!!
You kill the raiju!
Sif Muna accepts your kill.
The small abomination barely misses you.
The raiju bites you but does no damage. The large abomination hits you!
You die...

Skill      XL: |  1  2  3  4 |
---------------+-------------+-----
Invocations    | 1 |  1.8
Short Blades   | 1 |  1.6
Long Blades    | 1 |  1.6
Axes           | 1 |  1.6
Maces & Flails | 1 |  1.6
Polearms       | 1 |  1.6
Staves         | 1 |  1.6
Slings         | 1 |  1.6
Dodging        | 1 |  1.6
Shields        | 1 |  1.6
Unarmed Combat | 1 |  1.6
Spellcasting   | 1 |  1.6
Evocations     | 1 |  1.6
Crossbows      | 3 |  3.0
Throwing       | 3 |  3.0
Conjurations   | 1 |  1.2
Hexes          | 1 |  1.2
Summonings     | 1 |  1.2
Necromancy     | 1 |  1.2
Translocations | 1 |  1.2
Transmutations | 1 |  1.2
Fire Magic     | 1 |  1.2
Ice Magic      | 1 |  1.2
Air Magic      | 1 |  1.2
Earth Magic    | 1 |  1.2
Poison Magic   | 1 |  1.2
Fighting       | |  4.8
Bows           | |  4.8
Armour         | |  6.7
Stealth        | |  2.8

Action                   |  1- 3 |  4- 6 || total
-------------------------+-------+-------++-------
Melee: Unarmed           |    45 |       ||    45
       Bite              |     5 |       ||     5
 Fire: Shortbow          |    66 |       ||    66
       Longbow           |    35 |    20 ||    55
  Use: Potion            |     1 |     5 ||     6
       Scroll            |     3 |     1 ||     4
Armor: Scale mail        |    53 |     8 ||    61
       Skin              |    11 |       ||    11
Dodge: Dodged            |    46 |    16 ||    62

Levels and vault maps discovered:
D:1:      ldierk_water_garden, layout_rooms,
          hellmonk_ecumenical_altar_heavens_door
D:2:      layout_loops_cross, basic_altar, kennysheep_big_empty_room,
          grunt_ministairs_2, uniq_crazy_yiuf_cottage
Abyss:1:  base:
D:1

Notes
Turn   | Place    | Note
-------+----------+-------------------------------------------
     0 | D:1      | spaghetti the Gnoll Wanderer began the quest for the Orb.
     0 | D:1      | spaghetti set off with the following items: a +0 shortbow
                  | {bow}, a +2 scale mail, 23 arrows, a potion of
                  | lignification {!q}
     0 | D:1      | Reached XP level 1. HP: 20/20 MP: 1/1
     0 | D:1      | magus.rc [v1.9.6]
   269 | D:1      | HP: 7/30 [kobold (3)]
   272 | D:1      | HP: 3/30 [kobold (3)]
   274 | D:1      | Reached XP level 2. HP: 5/26 MP: 2/2
   729 | D:1      | You pick up a book of Minor Magic and begin reading...
   729 | D:1      | You add the spells Magic Dart, Call Imp and Mephitic Cloud
                  | to your library.
   809 | D:1      | Found a faded altar of an unknown god.
   812 | D:1      | Prayed at the altar of an unknown god.
   812 | D:1      | Became a worshipper of Sif Muna the Loreminder
   812 | D:1      | Reached * piety under Sif Muna
   969 | D:2      | Reached XP level 3. HP: 31/31 MP: 3/3
  1084 | D:2      | Reached skill level 1 in Invocations
  1108 | D:2      | Found a shimmering blue altar of Sif Muna.
  1191 | D:2      | Identified a scroll of acquirement
  1191 | D:2      | Acquired the +1 longbow "Upanoev" {vorpal, Int+3 Dex-2}
  1429 | D:2      | Reached skill level 1 in Short Blades
  1429 | D:2      | Reached skill level 1 in Long Blades
  1429 | D:2      | Reached skill level 1 in Axes
  1429 | D:2      | Reached skill level 1 in Maces & Flails
  1429 | D:2      | Reached skill level 1 in Polearms
  1429 | D:2      | Reached skill level 1 in Staves
  1429 | D:2      | Reached skill level 1 in Slings
  1429 | D:2      | Reached skill level 1 in Dodging
  1429 | D:2      | Reached skill level 1 in Shields
  1429 | D:2      | Reached skill level 1 in Unarmed Combat
  1429 | D:2      | Reached skill level 1 in Spellcasting
  1429 | D:2      | Reached skill level 1 in Evocations
  1435 | D:2      | Reached ** piety under Sif Muna
  1560 | D:2      | Acquired the ring "Janieff" {*Slow rElec Int+5 Slay+4}
  1614 | D:2      | Reached XP level 4. HP: 38/38 MP: 5/5
  1707 | D:2      | Found a runed translucent door.
  1708 | D:2      | Noticed Crazy Yiuf
  1802 | D:2      | You are cast into the Abyss!
  1802 | D:2      | Cast into level 1 of the Abyss (Crazy Yiuf)
  1873 | Abyss:1  | Noticed a neqoxec
  1873 | Abyss:1  | Gained mutation: You occasionally shout uncontrollably at
                  | your foes. [a neqoxec]
  1887 | Abyss:1  | Gained mutation: Armour fits poorly on your strangely
                  | shaped body. [a neqoxec]
  1894 | Abyss:1  | Gained mutation: You frequently scream uncontrollably at
                  | your foes. [a neqoxec]
  1896 | Abyss:1  | Gained mutation: You are occasionally teleported next to
                  | monsters. [a neqoxec]
  1897 | Abyss:1  | HP: 5/38 [neqoxec (6)]
  1897 | Abyss:1  | HP: 1/38 [neqoxec (4)]
  1898 | Abyss:1  | Killed a neqoxec
  1899 | Abyss:1  | Reached skill level 3 in Crossbows
  1899 | Abyss:1  | Reached skill level 3 in Throwing
  1899 | Abyss:1  | Reached skill level 1 in Conjurations
  1899 | Abyss:1  | Reached skill level 1 in Hexes
  1899 | Abyss:1  | Reached skill level 1 in Summonings
  1899 | Abyss:1  | Reached skill level 1 in Necromancy
  1899 | Abyss:1  | Reached skill level 1 in Translocations
  1899 | Abyss:1  | Reached skill level 1 in Transmutations
  1899 | Abyss:1  | Reached skill level 1 in Fire Magic
  1899 | Abyss:1  | Reached skill level 1 in Ice Magic
  1899 | Abyss:1  | Reached skill level 1 in Air Magic
  1899 | Abyss:1  | Reached skill level 1 in Earth Magic
  1899 | Abyss:1  | Reached skill level 1 in Poison Magic
  1899 | Abyss:1  | Reached XP level 5. HP: 1/43 MP: 0/7
  2096 | Abyss:1  | Noticed a raiju
  2099 | Abyss:1  | Noticed a small abomination
  2099 | Abyss:1  | Noticed a raiju
  2100 | Abyss:1  | Noticed a large abomination
  2105 | Abyss:1  | Noticed a raiju
  2107 | Abyss:1  | Noticed a raiju
  2109 | Abyss:1  | HP: 9/43 [raiju/living lightning (3)]
  2109 | Abyss:1  | HP: 4/43 [raiju/living lightning (5)]
  2110 | Abyss:1  | Killed a raiju
  2110 | Abyss:1  | Mangled by a large abomination

Vanquished Creatures
  A raiju (Abyss:1)
  A neqoxec (Abyss:1)
  An adder (D:2)
  A worm (D:2)
  2 dart slugs
  2 endoplasms (D:1)
  3 giant cockroaches
  A goblin (D:1)
  4 hobgoblins
  8 jackals (D:2)
  3 quokkas (D:2)
  3 ball pythons (D:2)
  2 bats (D:2)
  2 frilled lizards
  3 kobolds
  5 rats
42 creatures vanquished.

Vanquished Creatures (others)
  4 toadstools (D:1)
4 creatures vanquished.

Grand Total: 46 creatures vanquished

Table legend:
 A = Non-vault XP
 B = Vault XP
 C = Vault XP percentage of total XP
 D = Non-vault monster count
 E = Vault monster count
 F = Vault count percentage of total count
                 A         B        C        D         E       F
            +---------+---------+-------+---------+---------+-------
      Total |     542 |       2 |   0.4 |      40 |       2 |   4.8
            +---------+---------+-------+---------+---------+-------
        D:1 |      25 |       0 |   0.0 |      14 |       0 |   0.0
        D:2 |      59 |       2 |   3.3 |      24 |       2 |   7.7
    Abyss:1 |     458 |       0 |   0.0 |       2 |       0 |   0.0
            +---------+---------+-------+---------+---------+-------

Illustrated notes

Table legend:
 A = Kills in this place as a percentage of kills in entire the game.
 B = Kills by you in this place as a percentage of kills by you in the entire game.
 C = Kills by friends in this place as a percentage of kills by friends in the entire game.
 D = Other kills in this place as a percentage of other kills in the entire game.
 E = Experience gained in this place as a percentage of experience gained in the entire game.
 F = Experience gained in this place divided by the number of levels of this place that you have seen.
                   A       B       C       D       E      F
               +-------+-------+-------+-------+-------+----------------------
         Total | 100.0 | 100.0 |   N/A |   N/A | 100.0 | 181.3
       Dungeon |  95.2 |  95.2 |   N/A |   N/A |  15.8 |  43.0
         Abyss |   4.8 |   4.8 |   N/A |   N/A |  84.2 | 458.0
               +-------+-------+-------+-------+-------+----------------------

Table legend: (Time is in decaauts)
 A = Elapsed time spent in this place.
 B = Non-inter-level travel time spent in this place.
 C = Inter-level travel time spent in this place.
 D = Time resting spent in this place.
 E = Time spent auto-exploring this place.
 F = Levels seen in this place.
 G = Mean time per level.
                   A        B        C        D        E       F      G
               +--------+--------+--------+--------+--------+-----+--------+
         Total |   2145 |   2126 |     19 |    621 |   1145 |   3 |  715.0 |
       Dungeon |   1823 |   1804 |     19 |    421 |   1075 |   2 |  911.5 |
         Abyss |    322 |    322 |      0 |    200 |     70 |   1 |  322.0 |
               +--------+--------+--------+--------+--------+-----+--------+

Top non-repeatable levels by time:
     D:1: 942 daAuts
     D:2: 880 daAuts
 Abyss:1: 322 daAuts
